 Dungeon Crawl Stone Soup version 0.28-a0-1234-g826d19b (webtiles) character file.

Game seed: 8191918231911067354

3910 Ayyar the Fighter (level 10, -13/114 HPs)
             Began as an Ogre Berserker on Dec 23, 2021.
             Was a Priest of Trog.
             Mangled by an orc warrior (14 damage)
             ... on level 7 of the Dungeon.
             The game lasted 00:25:21 (10780 turns).

Ayyar the Fighter (Ogre Berserker)                 Turns: 10780, Time: 00:25:22

Health: -13/114    AC:  5    Str: 33    XL:     10   Next: 20%
Magic:  10/10      EV: 11    Int:  8    God:    Trog [***...]
Gold:   218        SH:  0    Dex:  8    Spells: 9/9 levels left

rFire   . . .      SeeInvis .   w - +0 war axe
rCold   . . .      Faith    .   (no shield)
rNeg    . . .      Spirit   .   x - +2 robe {Will+}
rPois   .          Reflect  .   (helmet restricted)
rElec   .          Harm     .   (no cloak)
rCorr   .          Rampage  .   (gloves unavailable)
Will    ++...                   (boots unavailable)
Stlth   +.........              (no amulet)
HPRegen 0.29/turn               B - +6 ring of strength
MPRegen 0.12/turn               (no ring)

@: on berserk cooldown, slowed, very slow
A: large, unfitting armour, tough skin 1
a: Renounce Religion, Berserk, Trog's Hand


You were on level 7 of the Dungeon.
You worshipped Trog.
Trog was most pleased with you.
You visited 2 branches of the dungeon, and saw 8 of its levels.
You also visited: Ossuary.

You collected 218 gold pieces.

Inventory:

Hand Weapons
 a - a +0 hand axe
 w - a +0 war axe (weapon)
Missiles
 b - 24 poisoned darts (quivered)
 f - 6 boomerangs of dispersal
 D - 4 atropa-tipped darts
Armour
 u - a +2 robe of fire resistance
 x - a +2 robe of willpower (worn)
Jewellery
 k - a ring of fire
 m - an amulet of guardian spirit
 B - a +6 ring of strength (left hand)
Wands
 p - a wand of acid (8)
Scrolls
 c - 2 scrolls of fear {unknown}
 e - 2 scrolls of silence
 h - a scroll of magic mapping {unknown}
 i - a scroll of noise {unknown}
 j - 3 scrolls of teleportation
 o - a scroll of enchant armour {unknown}
 s - a scroll of summoning {unknown}
 t - a scroll of amnesia {unknown}
 v - a scroll of enchant weapon {unknown}
 y - 2 scrolls of blinking {unknown}
Potions
 d - 2 potions of degeneration {unknown}
 g - 2 potions of haste
 l - a potion of invisibility
 n - a potion of heal wounds
 q - a potion of flight {unknown}
 r - a potion of cancellation {unknown}
 z - a potion of lignification
 A - 2 potions of curing
 C - a potion of ambrosia


   Skills:
 * Level 11.5 Fighting
 * Level 8.8 Axes
 + Level 5.6 Throwing
 + Level 6.2 Dodging


You had 9 spell levels left.
You didn't know any spells.
Your spell library was empty.

Dungeon Overview and Level Annotations

Branches:
Dungeon (7/15)             Temple (1/1) D:5         Ossuary (visited)

Altars:
Makhleb
Ru
Uskayaw
Yredelemnul

Shops:
D:1 *


Innate Abilities, Weirdness & Mutations

You are too large for most types of armour.
You have tough skin. (AC +1)


Message History

The water moccasin zombie bites you.
You closely miss the water moccasin zombie.
The water moccasin zombie is severely damaged.
The water moccasin zombie misses you.
The water moccasin zombie closely misses you.
You slash the water moccasin zombie!
You destroy the water moccasin zombie!
Trog accepts your kill.
You see here 4 atropa-tipped darts.
D - 4 atropa-tipped darts An orc warrior comes into view.
It is wielding a +0 glaive.
The orc warrior shouts!
You hear a shout!
A red film seems to cover your vision as you go berserk!
You feel yourself moving faster!
You feel mighty!
The orc warrior throws a stone.
The stone hits you!
An orc priest comes into view. It is wielding a +0 club.
You feel a strong urge to attack something.
An orc priest comes into view. It is wielding a +0 mace.
The orc warrior throws a stone.
The stone hits you!
An orc comes into view. It is wielding a +0 club.
The orc priest shouts!
The orc shouts!
You hit the orc warrior but do no damage.
You are no longer berserk.
You are exhausted.
You feel yourself slow down.
The orc priest looks braver for a moment.
The orc warrior hits you with a +0 glaive!
The orc priest calls down the wrath of Beogh upon you.
Beogh smites you!
* * * LOW HITPOINT WARNING * * *
The orc warrior throws a stone.
The stone hits you!
* * * LOW HITPOINT WARNING * * *
The orc warrior hits you from afar with a +0 glaive!
* * * LOW HITPOINT WARNING * * *
There is a stone staircase leading up, spattered with blood here.
The orc priest invokes the aid of Beogh against you.
Beogh smites you!
* * * LOW HITPOINT WARNING * * *
The orc warrior hits you from afar with a +0 glaive!
You die...

####### #.....#
###### #.....#
#.....##.....#
.............#
....o........#
#......oo....#
#.....o...@.>#
#.....##.....#
.#########.$...##.
.'.................
#..................
#..................
##.....##.....##...
##.....##.....# ###
#......#........


You could see an orc warrior, 2 orc priests and an orc.

Vanquished Creatures
  2 trolls (D:6)
  Prince Ribbit (D:6)
  Sigmund (D:4)
  2 wyverns (D:6)
  2 water moccasins
  A black bear (D:5)
  4 ice beasts
  2 sky beasts
  3 ogres
  2 necrophages (D:7)
  2 phantoms
  2 elf zombies (Ossuary)
  4 scorpions
  A wyvern zombie (D:6)
  A water moccasin zombie (D:7)
  7 orc priests
  2 human zombies (Ossuary)
  4 jellies
  A centaur skeleton (D:7)
  4 iguanas
  6 orc wizards
  2 mummies (Ossuary)
  6 adders
  3 white imps
  An adder zombie (Ossuary)
  3 worms (D:2)
  2 dart slugs (D:1)
  23 orcs
  6 ball pythons
  8 endoplasms
  8 giant cockroaches
  3 hobgoblins
  2 jackals (D:3)
  4 quokkas
  4 bats
  6 goblins
  2 goblin zombies (Ossuary)
  6 hobgoblin zombies (Ossuary)
  4 kobolds
  16 kobold zombies (Ossuary)
  8 orc zombies (Ossuary)
  6 rats
177 creatures vanquished.

Notes
Turn   | Place    | Note
-------+----------+-------------------------------------------
     0 | D:1      | Ayyar the Ogre Berserker began the quest for the Orb.
     0 | D:1      | Reached XP level 1. HP: 24/24 MP: 1/1
   153 | D:1      | Reached XP level 2. HP: 32/32 MP: 2/2
   638 | D:1      | Found Pusu's General Store.
   713 | D:2      | Reached XP level 3. HP: 12/40 MP: 3/3
  1560 | D:2      | Reached skill level 1 in Throwing
  2124 | D:2      | Reached XP level 4. HP: 39/49 MP: 4/4
  2401 | D:3      | Found a hide-covered altar of Uskayaw.
  2680 | D:3      | Reached skill level 5 in Fighting
  3003 | D:3      | Reached XP level 5. HP: 49/57 MP: 5/5
  3335 | D:4      | Reached ** piety under Trog
  3451 | D:4      | Noticed an ogre
  3510 | D:4      | Killed an ogre
  3511 | D:4      | Reached XP level 6. HP: 67/67 MP: 6/6
  4115 | D:4      | Noticed Sigmund
  4124 | D:4      | Killed Sigmund
  4125 | D:4      | Reached skill level 6 in Fighting
  4325 | D:5      | Entered Level 5 of the Dungeon
  4405 | D:5      | Reached XP level 7. HP: 23/76 MP: 7/7
  4418 | D:5      | Reached skill level 5 in Axes
  4776 | D:5      | Found a sand-covered staircase.
  4782 | Ossuary  | Entered an ossuary
  5308 | Ossuary  | Reached skill level 7 in Fighting
  5348 | Ossuary  | Reached *** piety under Trog
  5377 | Ossuary  | Reached XP level 8. HP: 39/87 MP: 8/8
  5696 | D:5      | Found a staircase to the Ecumenical Temple.
  5731 | Temple   | Entered the Ecumenical Temple
  5798 | D:5      | Reached skill level 8 in Fighting
  7111 | D:6      | Reached skill level 5 in Dodging
  7352 | D:6      | Found a burning altar of Makhleb.
  7355 | D:6      | Reached skill level 9 in Fighting
  7357 | D:6      | Noticed a troll
  7373 | D:6      | Reached XP level 9. HP: 69/98 MP: 9/9
  7383 | D:6      | Killed a troll
  8032 | D:6      | Identified the +1 pair of boots of the Wheelwright
                  | {*Corrode rC+ Dex+5}
  8146 | D:6      | Noticed a troll
  8162 | D:6      | Killed a troll
  8163 | D:6      | Reached skill level 10 in Fighting
  8737 | D:6      | Reached skill level 5 in Throwing
  8904 | D:6      | Noticed Prince Ribbit
  8944 | D:6      | Killed Prince Ribbit
  9777 | D:6      | Reached skill level 11 in Fighting
  9777 | D:6      | Reached XP level 10. HP: 15/113 MP: 10/10
 10780 | D:7      | HP: 1/114 [orc priest/divine providence (10)]
 10780 | D:7      | Mangled by an orc warrior

Illustrated notes

Levels and vault maps discovered:
D:1:      ncdulo_lavacross, layout_rooms, serial_shops, shop
D:2:      layout_rooms
D:3:      layout_loops_cross, mainiacjoe_overflow_boulevard,
          minmay_misc_feat_roman
D:4:      layout_loops_ring, kennysheep_windowed_goal, uniq_sigmund
D:5:      layout_cave_pods, minmay_temple_entry_large_hall,
          nicolae_ossuary_entry_ruins, hangedman_decor_clover_reticule
D:6:      layout_loops_corners, minmay_ruined_shrine, uniq_prince_ribbit1
D:7:      layout_gridville, serial_shops, kennysheep_mini
Temple:   regret_index_temple_sigil_plot

Skill      XL: |  1  2  3  4  5  6  7  8  9 |
---------------+----------------------------+-----
Dodging        | 3 4 5 6 |  6.2
Throwing       | 1 2 3 4 5 |  5.6
Fighting       | 5 6 7 9 11 | 11.5
Axes           | 4 5 7 8 |  8.8

Action                   |  1- 3 |  4- 6 |  7- 9 | 10-12 || total
-------------------------+-------+-------+-------+-------++-------
Melee: Hand axe          |   114 |   149 |     1 |       ||   264
       War axe           |       |       |   345 |    47 ||   392
Throw: Dart              |       |       |     8 |       ||     8
Invok: Berserk           |       |     3 |    12 |     2 ||    17
       Trog's Hand       |       |       |     3 |     1 ||     4
Evoke: Wand              |       |       |     2 |       ||     2
  Use: Scroll            |       |     3 |     2 |       ||     5
       Potion            |       |       |     4 |     1 ||     5
 Stab: Sleeping          |     1 |       |       |       ||     1
       Invisible         |       |       |     2 |       ||     2
Armor: Animal skin       |    21 |    37 |       |       ||    58
       Robe              |       |     6 |   104 |    17 ||   127
       Skin              |       |       |    41 |       ||    41
Dodge: Dodged            |    57 |    65 |   137 |    27 ||   286

Table legend: (Time is in decaauts)
 A = Elapsed time spent in this place.
 B = Non-inter-level travel time spent in this place.
 C = Inter-level travel time spent in this place.
 D = Time resting spent in this place.
 E = Time spent auto-exploring this place.
 F = Levels seen in this place.
 G = Mean time per level.
                   A        B        C        D        E       F      G
               +--------+--------+--------+--------+--------+-----+--------+
         Total |  11029 |  10873 |    156 |   2161 |   7027 |   9 | 1225.4 |
       Dungeon |  10085 |   9929 |    156 |   1761 |   6706 |   7 | 1440.7 |
        Temple |      2 |      2 |      0 |      0 |      0 |   1 |    2.0 |
       Ossuary |    940 |    940 |      0 |    400 |    321 |   1 |  940.0 |
               +--------+--------+--------+--------+--------+-----+--------+

Top non-repeatable levels by time:
     D:6: 3257 daAuts
     D:2: 1596 daAuts
     D:5: 1531 daAuts
     D:4: 1305 daAuts
     D:3: 1019 daAuts
 Ossuary: 940 daAuts
     D:1: 708 daAuts
     D:7: 667 daAuts
  Temple: 2 daAuts
